 Dungeon Crawl Stone Soup version 0.29.0-4-gdea44cf6ec (webtiles) character file.

Game seed: 11781974946856673564

329 qw the Sneak (level 6, -1/38 HPs)
             Began as a Gargoyle Delver on Sept 10, 2022.
             Slain by an orc wizard
             ... wielding a +0 dagger
              (4 damage)
             ... on level 4 of the Dungeon.
             The game lasted 00:01:30 (4205 turns).

qw the Sneak (Gargoyle Delver)                      Turns: 4205, Time: 00:01:31

Health: -1/38      AC: 17    Str: 17    XL:     6   Next: 51%
Magic:  6/6        EV: 11    Int: 17    God:
Gold:   792        SH:  0    Dex: 15    Spells: 5/5 levels left

rFire   . . .      SeeInvis .   Y - +1 hand axe
rCold   . . .      Faith    .   (no shield)
rNeg    + . .      Spirit   .   d - +0 chain mail
rPois   inf        Reflect  .   e - +4 hat of the Breadfruit {Int+6}
rElec   +          Harm     .   (no cloak)
rCorr   +          Rampage  .   (no gloves)
Will    .....                   (no boots)
Stlth   ..........              i - amulet "Voettaot" {Acrobat Dex+4}
HPRegen 0.12/turn               b - +4 ring of evasion
MPRegen 0.10/turn               k - ring of resist corrosion

@: no status effects
A: sickness immunity, AC +4, negative energy resistance 1, electricity
resistance, torment resistance 1, petrification resistance
a: no special abilities


You were on level 4 of the Dungeon.
You visited 1 branch of the dungeon, and saw 5 of its levels.

You collected 792 gold pieces.


Innate Abilities, Weirdness & Mutations

You are immune to sickness and miasma.
Your stone body is resilient. (AC +4)
You are immune to poison.
You resist negative energy. (rN+)
You are resistant to electric shocks. (rElec)
You are resistant to unholy torment.
You are immune to petrification.


   Skills:
 + Level 3.8 Fighting
 - Level 5.0 Axes
 - Level 3.1 Armour
 - Level 1.5 Dodging
 - Level 5.4 Stealth


You had 5 spell levels left.
You didn't know any spells.
Your spell library was empty.

Inventory:

Hand Weapons
 j - a +1 whip of freezing
 Y - a +1 hand axe (weapon)
Armour
 d - a +0 chain mail (worn)
 e - the +4 hat of the Breadfruit (worn) {Int+6}
   (You acquired it on level 4 of the Dungeon)

   Int:       It affects your intelligence (+6).
Jewellery
 b - a +4 ring of evasion (left hand)
 i - the amulet "Voettaot" (around neck) {Acrobat Dex+4}
   (You found it on level 2 of the Dungeon)

   [amulet of the acrobat]

   It increases your evasion while moving and waiting.
   Dex:       It affects your dexterity (+4).
 k - a ring of resist corrosion (right hand)
Wands
 g - a wand of digging (3)
Scrolls
 a - a scroll of identify
Potions
 f - a potion of haste
 h - a potion of curing
 m - a potion of degeneration {unknown}

Dungeon Overview and Level Annotations

Branches:
Dungeon (5/15)
 Temple: D:4-7

Altars:
Vehumet


Message History

The orc wizard hits you but does no damage.
Something hits you but does no damage.
You hit the orc wizard.
The orc wizard is heavily wounded.
You miss something. You hit something.
The orc wizard hits you but does no damage.
You hear some strange, mumbled words.
A puff of flame appears from out of thin air!
The puff of flame hits you! Something hits you but does no damage.
You slash the orc wizard!
You kill the orc wizard!
You miss something. You hit something.
Something hits you but does no damage. x2
You barely miss something. x2
Something hits you but does no damage. x2
You closely miss something. You barely miss something.
Something hits you but does no damage. x2
You slash something!
Reactivating autopickup.
You feel a bit more experienced.
You miss something. Something hits you.
Deactivating autopickup; reactivate with Ctrl-A.
You hit something but do no damage. Something hits you.
You closely miss something. Something hits you but does no damage.
You hit something. Something hits you.
4203 ||| Stepping ~*~*~tactically~*~*~ (stealth).
Something hits you but does no damage.
Things that are here:
a +0 dagger; a +0 robe; an orc corpse The gnoll shouts!
You hear a shout!
An orc wizard appears from thin air!
Reactivating autopickup.
The orc wizard misses you.
You barely miss the orc wizard.
The orc wizard is lightly wounded.
The orc wizard hits you with a +0 dagger.
You die...

.... . ... .#######
...## ).......
.g[######### ........
#.........# #........
#.........# #........
#...@.....# #........
#...o)....# #........
#...).....###........
............'.+........
#.##........#.#........
# #........# #........
########## ###'#####
#.....# #####.#


You could see an orc wizard and a gnoll.

Vanquished Creatures
  An ogre (D:4)
  An orc priest (D:4)
  An iguana (D:4)
  2 orc wizards (D:4)
  3 adders
  2 gnolls (D:4)
  An ufetubus (D:5)
  2 worms
  6 dart slugs
  7 orcs
  7 bats
  7 endoplasms
  A giant cockroach (D:3)
  3 goblins
  7 hobgoblins
  3 jackals (D:1)
  2 quokkas
  4 ball pythons
  5 frilled lizards
  3 kobolds
  5 rats
73 creatures vanquished.

Notes
Turn   | Place    | Note
-------+----------+-------------------------------------------
     0 | D:5      | qw the Gargoyle Delver began the quest for the Orb.
     0 | D:5      | Reached XP level 1. HP: 14/14 MP: 1/1
     0 | D:5      | 0 ||| qw: Version: 0.1-a-116-g5d60599
     0 | D:5      | 0 ||| qw: Game counter: 9004
     0 | D:5      | 0 ||| qw: Always use a shield: true
     0 | D:5      | 0 ||| qw: God list: Okawaru
     0 | D:5      | 0 ||| qw: Allow faded altars: false
     0 | D:5      | 0 ||| qw: Do Orc after D:15 true
     0 | D:5      | 0 ||| qw: Do second Lair branch before Depths: true
     0 | D:5      | 0 ||| qw: Lair rune preference: random
     0 | D:5      | 0 ||| qw: Plans: Normal
     0 | D:5      | 0 ||| PLANNING D:1-11
    24 | D:5      | Reached XP level 2. HP: 13/19 MP: 2/2
   132 | D:5      | Found a radiant altar of Vehumet.
   137 | D:5      | 137 ||| DROPPING scroll of fog.
   138 | D:5      | 138 ||| DROPPING scroll of magic mapping.
   139 | D:5      | 139 ||| DROPPING scroll of fear.
   480 | D:4      | 480 ||| READING scroll labelled XADYTITEAR.
   492 | D:3      | Reached skill level 3 in Axes
   535 | D:3      | Reached XP level 3. HP: 23/23 MP: 3/3
   993 | D:3      | 993 ||| Stepping ~*~*~tactically~*~*~ (stealth).
  1016 | D:3      | 1016 ||| Stepping ~*~*~tactically~*~*~ (stealth).
  1017 | D:3      | 1017 ||| UPGRADING to amulet of the acrobat.
  1026 | D:3      | 1026 ||| READING 3 scrolls labelled MOTICZO PUUNWA.
  1027 | D:3      | 1027 ||| READING 2 scrolls of identify.
  1027 | D:3      | 1027 ||| IDENTIFYING murky dark potion
  1028 | D:3      | 1028 ||| DROPPING potion of attraction.
  1342 | D:2      | Identified the amulet "Voettaot" {Acrobat Dex+4}
  1358 | D:2      | 1358 ||| DROPPING +0 whip.
  1392 | D:2      | Reached XP level 4. HP: 27/28 MP: 4/4
  1444 | D:2      | 1444 ||| UPGRADING to +0 ring mail.
  1454 | D:2      | 1454 ||| DROPPING +0 leather armour.
  1455 | D:2      | 1455 ||| UPGRADING to amulet "Voettaot" {Acrobat Dex+4}.
  1465 | D:2      | 1465 ||| DROPPING amulet of the acrobat.
  1466 | D:2      | 1466 ||| DROPPING ring of wizardry.
  1508 | D:2      | 1508 ||| Stepping ~*~*~tactically~*~*~ (stealth).
  1709 | D:1      | 1709 ||| Stepping ~*~*~tactically~*~*~ (hiding).
  1811 | D:1      | 1811 ||| Stepping ~*~*~tactically~*~*~ (hiding).
  1922 | D:1      | 1922 ||| Stepping ~*~*~tactically~*~*~ (hiding).
  2024 | D:1      | 2024 ||| Stepping ~*~*~tactically~*~*~ (hiding).
  2045 | D:1      | Reached skill level 1 in Armour
  2170 | D:1      | Found a faded altar of an unknown god.
  2181 | D:1      | 2181 ||| Stepping ~*~*~tactically~*~*~ (hiding).
  2344 | D:1      | 2344 ||| Stepping ~*~*~tactically~*~*~ (stealth).
  2345 | D:1      | 2345 ||| Stepping ~*~*~tactically~*~*~ (stealth).
  2788 | D:1      | 2788 ||| UPGRADING to +4 ring of evasion.
  2789 | D:1      | 2789 ||| READING 2 scrolls labelled DOFFOVU WUBRI.
  2794 | D:1      | 2794 ||| READING scroll labelled ISUAJA AHAOBIM.
  2794 | D:1      | Identified a scroll of acquirement
  2794 | D:1      | 2794 ||| ACQUIRING 582 gold pieces
  2794 | D:1      | Acquired 582 gold pieces
  2796 | D:1      | 2796 ||| READING scroll labelled BEATRIORU ROIS.
  2797 | D:1      | 2797 ||| DRINKING 3 murky red potions.
  2824 | D:2      | 2824 ||| Stepping ~*~*~tactically~*~*~ (stealth).
  2953 | D:2      | 2953 ||| Stepping ~*~*~tactically~*~*~ (stealth).
  3233 | D:3      | 3233 ||| Stepping ~*~*~tactically~*~*~ (stealth).
  3453 | D:3      | Reached XP level 5. HP: 32/32 MP: 5/5
  3739 | D:3      | 3739 ||| UPGRADING to +0 chain mail.
  3749 | D:3      | 3749 ||| DROPPING +0 ring mail.
  3750 | D:3      | 3750 ||| READING 2 scrolls of identify.
  3750 | D:3      | 3750 ||| IDENTIFYING glowing ruby potion
  3776 | D:4      | Noticed an ogre
  3788 | D:4      | Killed an ogre
  3789 | D:4      | Reached skill level 3 in Armour
  3881 | D:4      | 3881 ||| READING 2 scrolls of acquirement.
  3881 | D:4      | 3881 ||| ACQUIRING ring of resist corrosion
  3881 | D:4      | Acquired a ring of resist corrosion
  3883 | D:4      | 3883 ||| UPGRADING to ring of resist corrosion.
  3884 | D:4      | 3884 ||| READING scroll of acquirement.
  3884 | D:4      | 3884 ||| ACQUIRING +4 hat of the Breadfruit {Int+6}
  3884 | D:4      | Acquired the +4 hat of the Breadfruit {Int+6}
  3886 | D:4      | 3886 ||| UPGRADING to +4 hat of the Breadfruit {Int+6}.
  3934 | D:4      | Reached XP level 6. HP: 20/37 MP: 6/6
  4155 | D:4      | 4155 ||| Stepping ~*~*~tactically~*~*~ (hiding).
  4180 | D:4      | HP: 9/37 [orc priest/+0 mace (4)]
  4181 | D:4      | 4181 ||| READING scroll of teleportation.
  4182 | D:4      | 4182 ||| DRINKING potion of heal wounds.
  4191 | D:4      | 4191 ||| DRINKING 2 potions of curing.
  4191 | D:4      | 4191 ||| (to cure confusion)
  4195 | D:4      | HP: 7/37 [something/puff of flame (9)]
  4200 | D:4      | HP: 4/38 [something (2)]
  4203 | D:4      | 4203 ||| Stepping ~*~*~tactically~*~*~ (stealth).
  4205 | D:4      | Slain by an orc wizard

Levels and vault maps discovered:
D:1:      dpeg_arrival_rhombus, layout_basic,
          shapermc_ecumenical_altar_starsandcircs, kennysheep_small_spiral,
          chequers_serial_rivers_micro_c
D:2:      layout_loops_ring
D:3:      layout_basic
D:4:      layout_basic, grunt_tough_drop
D:5:      kennysheep_spiral_hall, layout_loops_corners, vehumet_crystals,
          nicolae_dithmenos_the_darkroom, jmf_multi_god_temple2,
          mainiacjoe_overflow_small_starburst, uniq_edmund, uniq_grinder

Skill      XL: |  1  2  3  4  5  6 |
---------------+-------------------+-----
Axes           | 2 3 4 5 |  5.0
Armour         | 1 3 |  3.1
Fighting       | |  3.8
Dodging        | |  1.5
Stealth        | |  5.4

Action                   |  1- 3 |  4- 6 || total
-------------------------+-------+-------++-------
Melee: Hand axe          |   125 |   159 ||   284
       Punch             |       |     1 ||     1
  Use: Scroll            |     3 |     7 ||    10
       Potion            |       |     3 ||     3
 Stab: Sleeping          |     1 |     1 ||     2
Armor: Leather armour    |    43 |       ||    43
       Ring mail         |       |    48 ||    48
       Chain mail        |       |    36 ||    36
Dodge: Dodged            |    77 |    84 ||   161

Table legend:
 A = Non-vault XP
 B = Vault XP
 C = Vault XP percentage of total XP
 D = Non-vault monster count
 E = Vault monster count
 F = Vault count percentage of total count
                 A         B        C        D         E       F
            +---------+---------+-------+---------+---------+-------
      Total |     471 |       0 |   0.0 |      73 |       0 |   0.0
            +---------+---------+-------+---------+---------+-------
        D:1 |      47 |       0 |   0.0 |      25 |       0 |   0.0
        D:2 |      45 |       0 |   0.0 |      11 |       0 |   0.0
        D:3 |      47 |       0 |   0.0 |      22 |       0 |   0.0
        D:4 |     310 |       0 |   0.0 |      13 |       0 |   0.0
        D:5 |      22 |       0 |   0.0 |       2 |       0 |   0.0
            +---------+---------+-------+---------+---------+-------
